General information
- name: BNet
- type: Ladder team game (AT/RT)
- host: Battle.net
- saver: ReignIForever
map: Deathknell
- players: 8
- length: 22:10
- speed: Fast
- version: 1.26 W3XP
- replay type: Public
» download(169 KB)
Players
team 1 (winner)
ChaseFace2 (
purple | 94 APM | 2075 actions | 22:09)
5 Demon Hunter
3 Mana Burn
2 Evasion
5 Priestess of the Moon
3 Trueshot Aura
2 Searing Arrows
4 Naga Sea Witch
2 Frost Arrows
2 Forked Lightning
» actions
| Assign group hotkey | 27 | |
| Basic commands | 3 | |
| Build / train | 73 | |
| Enter build submenu | 16 | |
| Enter hero's abilities submenu | 14 | |
| Right click | 1152 | |
| Select / deselect | 366 | |
| Select group hotkey | 338 | |
| Use ability | 86 | |
2075 total
» units
» upgrades
| Druid of the Claw Training | 2 | |
| Abolish Magic | 1 | |
| Strength of the Wild | 3 | |
| Reinforced Hides | 2 | |
8 total
» buildings
| Altar of Elders | 1 | |
| Moon Well | 8 | |
| Ancient of War | 1 | |
| Tree of Ages | 1 | |
| Hunter's Hall | 1 | |
| Ancient of Lore | 2 | |
| Tree of Eternity | 1 | |
| Tree of Life | 1 | |
| Ancient of Wonders | 1 | |
17 total
» build order
00:14 Altar of Elders
00:20 Moon Well
00:26 Ancient of War
01:57 Moon Well
02:03 Moon Well
03:15 Tree of Ages
04:13 Hunter's Hall
04:28 Moon Well
05:43 Ancient of Lore
05:44 Ancient of Lore
07:14 Tree of Eternity
07:34 Tree of Life
07:43 Ancient of Wonders
11:20 Moon Well
11:21 Moon Well
20:04 Moon Well
20:05 Moon Well
» items
| Potion of Healing | 3 | |
| Orb of Venom | 1 | |
| Staff of Preservation | 1 | |
| Scroll of Regeneration | 1 | |
| Orb of Fire | 1 | |
7 total

»
PSYCHO-4 (
orange | 34 APM | 759 actions | 22:09)
7 Blademaster
3 Wind Walk
3 Critical Strike
1 Bladestorm
» actions
| Build / train | 44 | |
| Enter build submenu | 16 | |
| Enter hero's abilities submenu | 7 | |
| Right click | 477 | |
| Select / deselect | 186 | |
| Use ability | 29 | |
759 total
» units
» upgrades
| Pulverize | 1 | |
| Melee Weapons | 3 | |
| Armor | 1 | |
5 total
» buildings
| Altar of Storms | 1 | |
| Orc Burrow | 8 | |
| Barracks | 1 | |
| War Mill | 1 | |
| Stronghold | 1 | |
| Voodoo Lounge | 1 | |
| Fortress | 1 | |
| Tauren Totem | 2 | |
16 total
» build order
00:23 Altar of Storms
00:37 Orc Burrow
00:53 Barracks
01:57 War Mill
02:32 Orc Burrow
03:00 Stronghold
03:29 Orc Burrow
04:24 Voodoo Lounge
05:23 Fortress
06:42 Orc Burrow
07:46 Tauren Totem
07:49 Tauren Totem
11:25 Orc Burrow
11:28 Orc Burrow
12:24 Orc Burrow
19:24 Orc Burrow
» items
| Healing Salve | 1 | |
| Orb of Lightning | 1 | |
| Lesser Clarity Potion | 1 | |
| Scroll of Town Portal | 1 | |
4 total
ReignIForever (
red | 77 APM | 1703 actions | 22:10)
8 Archmage
3 Summon Water Elemental
3 Brilliance Aura
1 Mass Teleport
1 Blizzard
» actions
| Assign group hotkey | 78 | |
| Basic commands | 99 | |
| Build / train | 123 | |
| ESC pressed | 3 | |
| Enter build submenu | 32 | |
| Enter hero's abilities submenu | 8 | |
| Right click | 349 | |
| Select / deselect | 289 | |
| Select group hotkey | 550 | |
| Use ability | 172 | |
1703 total
» units
| Peasant | 29 | |
| Footman | 14 | |
| Flying Machine | 4 | |
| Mortar Team | 3 | |
| Rifleman | 2 | |
| Siege Engine | 1 | |
| Dragonhawk Rider | 1 | |
54 total
» upgrades
| Masonry | 3 | |
| Defend | 1 | |
| Lumber Harvesting | 2 | |
| Swords | 1 | |
| Armor | 2 | |
| Fragmentation Shards | 1 | |
| Flare | 1 | |
| Gunpowder | 3 | |
| Animal War Training | 1 | |
| Barrage | 1 | |
| Cloud | 1 | |
| Storm Hammers | 1 | |
| Flak Cannons | 1 | |
| Flying Machine Bombs | 1 | |
| Long Rifles | 1 | |
| Plating | 3 | |
| Backpack | 1 | |
25 total
» buildings
| Altar of Kings | 1 | |
| Barracks | 1 | |
| Farm | 10 | |
| Town Hall | 1 | |
| Arcane Vault | 1 | |
| Lumber Mill | 1 | |
| Keep | 2 | |
| Blacksmith | 1 | |
| Castle | 1 | |
| Gryphon Aviary | 4 | |
| Workshop | 4 | |
| Scout Tower | 4 | |
| Guard Tower | 5 | |
36 total
» build order
00:16 Altar of Kings
00:20 Barracks
00:22 Farm
01:05 Farm
02:11 Farm
03:51 Town Hall
05:22 Arcane Vault
05:25 Lumber Mill
06:23 Keep
06:23 Keep
07:45 Blacksmith
09:14 Castle
09:24 Gryphon Aviary
09:25 Gryphon Aviary
09:26 Gryphon Aviary
09:28 Gryphon Aviary
11:02 Workshop
11:03 Workshop
11:05 Workshop
11:29 Workshop
12:52 Farm
12:53 Farm
13:01 Farm
13:02 Farm
13:03 Farm
13:05 Farm
15:15 Scout Tower
15:16 Scout Tower
15:17 Scout Tower
15:18 Scout Tower
15:50 Guard Tower
15:51 Guard Tower
15:51 Guard Tower
15:58 Guard Tower
20:12 Farm
» items
| Lesser Clarity Potion | 1 | |
| Scroll of Regeneration | 1 | |
| Scroll of Town Portal | 1 | |
3 total
Guderian (
green | 57 APM | 1261 actions | 22:09)
6 Demon Hunter
3 Immolation
2 Evasion
1 Metamorphosis
» actions
| Basic commands | 13 | |
| Build / train | 76 | |
| ESC pressed | 1 | |
| Enter build submenu | 16 | |
| Enter hero's abilities submenu | 6 | |
| Remove unit from queue | 2 | |
| Right click | 856 | |
| Select / deselect | 246 | |
| Use ability | 45 | |
1261 total
» units
| Wisp | 19 | |
| Huntress | 12 | |
| Dryad | 12 | |
| Druid of the Claw | 11 | |
54 total
» upgrades
| Strength of the Wild | 3 | |
| Reinforced Hides | 3 | |
| Druid of the Claw Training | 2 | |
| Abolish Magic | 1 | |
| Mark of the Claw | 1 | |
10 total
» buildings
| Altar of Elders | 1 | |
| Moon Well | 8 | |
| Hunter's Hall | 1 | |
| Ancient of War | 2 | |
| Tree of Ages | 1 | |
| Ancient of Lore | 2 | |
| Tree of Life | 2 | |
| Tree of Eternity | 1 | |
18 total
» build order
00:11 Altar of Elders
00:18 Moon Well
01:04 Hunter's Hall
01:33 Ancient of War
02:01 Moon Well
02:28 Ancient of War
04:06 Tree of Ages
04:28 Moon Well
05:20 Moon Well
06:56 Ancient of Lore
07:30 Tree of Life
08:12 Tree of Eternity
09:26 Ancient of Lore
13:03 Moon Well
13:44 Tree of Life
14:02 Moon Well
19:39 Moon Well
21:06 Moon Well
team 2 (loser)

»
WEFOUNDLOVE (
pink | 36 APM | 807 actions | 22:09)
4 Priestess of the Moon
2 Searing Arrows
2 Trueshot Aura
3 Keeper of the Grove
2 Entangling Roots
1 Thorns Aura
» actions
| Build / train | 54 | |
| Enter build submenu | 14 | |
| Enter hero's abilities submenu | 7 | |
| Give item / drop item | 1 | |
| Remove unit from queue | 1 | |
| Right click | 436 | |
| Select / deselect | 273 | |
| Use ability | 21 | |
807 total
» units
» upgrades
| Strength of the Wild | 3 | |
| Reinforced Hides | 2 | |
| Ultravision | 2 | |
| Well Spring | 1 | |
| Abolish Magic | 1 | |
9 total
» buildings
| Altar of Elders | 1 | |
| Moon Well | 7 | |
| Hunter's Hall | 1 | |
| Ancient of War | 1 | |
| Tree of Ages | 2 | |
| Tree of Eternity | 1 | |
| Ancient of Lore | 3 | |
| Ancient of Wonders | 1 | |
17 total
» build order
00:26 Altar of Elders
00:40 Moon Well
02:09 Hunter's Hall
02:15 Ancient of War
02:18 Moon Well
03:32 Tree of Ages
03:35 Moon Well
04:36 Moon Well
05:35 Moon Well
08:26 Tree of Eternity
10:00 Ancient of Lore
10:05 Ancient of Lore
10:08 Ancient of Lore
10:11 Moon Well
11:09 Moon Well
12:49 Ancient of Wonders
» items
| Potion of Healing | 2 | |
| Orb of Venom | 2 | |
4 total

»
Suhkmahdeek (
yellow | 67 APM | 1448 actions | 21:39)
5 Archmage
3 Summon Water Elemental
2 Brilliance Aura
3 Paladin
2 Holy Light
1 Divine Shield
1 Warden
1 Shadow Strike
» actions
| Basic commands | 1 | |
| Build / train | 61 | |
| Enter build submenu | 17 | |
| Enter hero's abilities submenu | 10 | |
| Give item / drop item | 3 | |
| Remove unit from queue | 1 | |
| Right click | 883 | |
| Select / deselect | 377 | |
| Use ability | 95 | |
1448 total
» units
| Peasant | 22 | |
| Footman | 11 | |
| Faerie Dragon | 3 | |
| Hippogryph | 1 | |
37 total
» buildings
| Altar of Kings | 1 | |
| Farm | 4 | |
| Barracks | 1 | |
| Lumber Mill | 1 | |
| Scout Tower | 7 | |
| Arcane Tower | 2 | |
| Town Hall | 1 | |
| Keep | 1 | |
| Arcane Vault | 1 | |
| Blacksmith | 1 | |
| Castle | 1 | |
| Guard Tower | 1 | |
22 total
» build order
00:08 Altar of Kings
00:22 Farm
00:51 Barracks
00:57 Farm
01:20 Lumber Mill
01:30 Farm
01:44 Scout Tower
02:05 Farm
02:12 Arcane Tower
03:49 Town Hall
03:52 Scout Tower
04:37 Keep
04:55 Arcane Tower
05:35 Arcane Vault
05:38 Blacksmith
06:43 Scout Tower
06:44 Scout Tower
06:46 Scout Tower
06:47 Scout Tower
07:44 Scout Tower
07:52 Castle
08:13 Guard Tower
» items
| Scroll of Town Portal | 1 | |
| Potion of Healing | 2 | |
| Lesser Clarity Potion | 2 | |
| Scroll of Regeneration | 2 | |
7 total
NoobsNeverWin (
blue | 104 APM | 1926 actions | 18:31)
4 Warden
2 Shadow Strike
2 Fan of Knives
» actions
| Assign group hotkey | 23 | |
| Build / train | 50 | |
| Enter build submenu | 16 | |
| Enter hero's abilities submenu | 4 | |
| Right click | 937 | |
| Select / deselect | 242 | |
| Select group hotkey | 595 | |
| Use ability | 59 | |
1926 total
» units
| Wisp | 13 | |
| Faerie Dragon | 17 | |
| Hippogryph | 2 | |
32 total
» upgrades
| Strength of the Wild | 2 | |
| Reinforced Hides | 2 | |
4 total
» buildings
| Altar of Elders | 1 | |
| Moon Well | 8 | |
| Ancient of Wonders | 1 | |
| Tree of Ages | 3 | |
| Hunter's Hall | 1 | |
| Ancient of Wind | 2 | |
16 total
» build order
00:18 Altar of Elders
00:22 Moon Well
00:56 Ancient of Wonders
01:19 Moon Well
02:18 Moon Well
02:39 Tree of Ages
02:39 Tree of Ages
03:09 Hunter's Hall
03:55 Moon Well
04:43 Moon Well
05:04 Ancient of Wind
05:08 Ancient of Wind
06:32 Moon Well
07:30 Moon Well
08:25 Moon Well
» items
| Moonstone | 1 | |
| Dust of Appearance | 1 | |
2 total

»
WhyYouNoLuvMe (
teal | 34 APM | 756 actions | 21:58)
3 Warden
1 Fan of Knives
1 Shadow Strike
1 Blink
1 Keeper of the Grove
1 Force of Nature
» actions
| Basic commands | 31 | |
| Build / train | 74 | |
| Enter build submenu | 31 | |
| Enter hero's abilities submenu | 4 | |
| Remove unit from queue | 11 | |
| Right click | 213 | |
| Select / deselect | 313 | |
| Use ability | 79 | |
756 total
» units
| Wisp | 33 | |
| Archer | 2 | |
| Huntress | 11 | |
| Druid of the Claw | 3 | |
| Chimaera | 5 | |
| Hippogryph | 5 | |
59 total
» upgrades
| Druid of the Claw Training | 1 | |
| Reinforced Hides | 1 | |
2 total
» buildings
| Ancient of War | 1 | |
| Altar of Elders | 1 | |
| Moon Well | 8 | |
| Hunter's Hall | 1 | |
| Tree of Life | 1 | |
| Tree of Ages | 1 | |
| Ancient Protector | 9 | |
| Ancient of Lore | 2 | |
| Tree of Eternity | 1 | |
| Ancient of Wonders | 1 | |
| Ancient of Wind | 1 | |
| Chimaera Roost | 3 | |
30 total
» build order
00:18 Ancient of War
00:24 Altar of Elders
00:40 Moon Well
01:33 Moon Well
02:10 Hunter's Hall
03:10 Moon Well
04:28 Tree of Life
04:54 Tree of Ages
05:24 Ancient Protector
05:56 Ancient Protector
06:03 Ancient Protector
09:18 Ancient of Lore
09:21 Moon Well
11:17 Moon Well
11:20 Tree of Eternity
11:24 Ancient of Lore
11:30 Ancient of Wonders
11:38 Moon Well
12:33 Ancient of Wind
13:46 Chimaera Roost
13:53 Chimaera Roost
13:58 Chimaera Roost
14:02 Moon Well
14:54 Ancient Protector
14:58 Ancient Protector
15:01 Ancient Protector
15:38 Ancient Protector
15:43 Ancient Protector
16:46 Ancient Protector
17:02 Moon Well
» items
| Potion of Mana | 1 | |
| Scroll of Regeneration | 1 | |
| Lesser Clarity Potion | 1 | |
| Potion of Healing | 1 | |
4 total
Chat log
(00:22 / All) WEFOUNDLOVE: what orange
(00:28 / Allies) ReignIForever: I was alt tabbed for 5 seconds
(00:30 / Allies) ReignIForever: jesus christ
(00:34 / Allies) PSYCHO-4: thats fine lol
(00:38 / All) ReignIForever: Pink Jacob is that you?
(00:47 / All) WEFOUNDLOVE: nop
(00:50 / Allies) PSYCHO-4: hes map hacking
(00:53 / All) WEFOUNDLOVE: hes noob
(01:01 / Allies) ReignIForever: Sometimes people leave if they see someone afk for even a second
(01:08 / Allies) ReignIForever: I have maphack too np
(01:12 / Allies) ReignIForever: he is top right
(01:17 / Allies) PSYCHO-4: lol k
(01:29 / Allies) ChaseFace2: im confused, how do you know hes mh?
(01:39 / Allies) PSYCHO-4: he saw me ping
(01:42 / Allies) ReignIForever: He is teching I think, no ancient yet
(01:49 / Allies) ChaseFace2: ah
(01:52 / Allies) ChaseFace2: maybe hunts still
(01:58 / Allies) ReignIForever: they are 3 Ne 1 Hu probably a lot of tech
(02:01 / Allies) PSYCHO-4: units guys?
(02:06 / Allies) ReignIForever: hu is bot right going AM maybe fast expo
(02:12 / Allies) PSYCHO-4: k
(02:41 / Allies) ReignIForever: blue pinged here they are expoing I think
(02:42 / Allies) PSYCHO-4: need help red?
(02:51 / Allies) ReignIForever: don't think so but ty
(02:54 / Allies) PSYCHO-4: k
(02:55 / Allies) PSYCHO-4: np
(03:16 / Allies) ReignIForever: I haven't plaeyd in a while I am rusty
(03:25 / Allies) PSYCHO-4: no prob doesnt matter to me
(03:54 / Allies) ReignIForever: they expoing here and here
(04:05 / Allies) ChaseFace2: lets hit them
(04:10 / Allies) ReignIForever: k
(04:11 / Allies) ReignIForever: 1 sec
(04:31 / Allies) ReignIForever: they all teching
(04:33 / Allies) ReignIForever: and expoing risky
(04:39 / Allies) PSYCHO-4: lets get em
(05:05 / Allies) PSYCHO-4: btw ill do melee
(05:08 / Allies) PSYCHO-4: orc melee is strong
(05:17 / Allies) ChaseFace2: woops
(05:18 / Allies) ChaseFace2: go
(05:23 / Allies) ChaseFace2: lame
(05:46 / Allies) PSYCHO-4: nice purple
(06:01 / Allies) ReignIForever: yellow in the middle of t2 tech and pink has nothing
(06:13 / Allies) ReignIForever: blue goign hipporider I think
(06:47 / All) ReignIForever: This is why you don't tech and expo against a team with a mher
(06:56 / All) WEFOUNDLOVE: who mh ?
(06:59 / All) ReignIForever: me
(07:03 / All) WEFOUNDLOVE: i mh too
(07:10 / All) ReignIForever: I guess you didn't warn your allies?
(07:13 / All) ReignIForever: You all teched lol
(07:14 / All) WEFOUNDLOVE: nop
(07:22 / All) ReignIForever: You didn't stop your tech either despite knowing it's coming
(07:27 / All) PSYCHO-4: lol
(07:31 / All) WEFOUNDLOVE: i no
(07:41 / All) ReignIForever: Blizzard doesn't ban bro just be obvious
(07:46 / All) WEFOUNDLOVE: i zmap lol
(07:53 / All) ReignIForever: I use yhack and shack combo
(08:00 / Allies) PSYCHO-4: wats that
(08:04 / All) WEFOUNDLOVE: so u can see
(08:06 / Allies) ReignIForever: the hacks we're using
(08:15 / All) ReignIForever: Yes I can see that nice pings
(08:17 / Allies) PSYCHO-4: but wat do they do
(08:20 / All) WEFOUNDLOVE: cool
(08:24 / Allies) ReignIForever: allow you to see the entire map
(08:37 / Allies) PSYCHO-4: how do u get it
(08:41 / Allies) ReignIForever: internet
(08:44 / Allies) PSYCHO-4: lol
(08:47 / Allies) ReignIForever: d3scene
(09:52 / All) WEFOUNDLOVE: massing gryph lol
(10:10 / Allies) ChaseFace2: wow
(10:24 / All) WEFOUNDLOVE: 3.5k gold XD
(10:25 / All) ReignIForever: Not gryphons
(10:31 / All) ReignIForever: why wouldn't you hoard in 4v4 lol
(10:31 / Allies) PSYCHO-4: hawks?
(10:34 / Allies) ReignIForever: yeah
(10:38 / Allies) PSYCHO-4: y?
(10:56 / Allies) ReignIForever: I'm not making anything tbh just getting tech
(10:58 / Allies) PSYCHO-4: good work green
(11:03 / Allies) PSYCHO-4: k
(11:44 / Allies) PSYCHO-4: could i get some gold
(11:47 / Allies) ReignIForever: pink is massing dryads
(11:54 / Allies) PSYCHO-4: thx
(12:01 / All) ReignIForever: I was getting all tech
(12:03 / All) ReignIForever: No need to mass dryad
(12:05 / All) ReignIForever: Not making anything yet
(12:12 / All) WEFOUNDLOVE: i see
(12:13 / Allies) ReignIForever: blue is pure faerie dragons
(12:17 / Allies) PSYCHO-4: lol
(12:19 / Allies) PSYCHO-4: weird
(12:46 / Allies) PSYCHO-4: need aa with me
(12:48 / Allies) PSYCHO-4: whos comin
(13:15 / Allies) PSYCHO-4: red y no lumber
(13:19 / Allies) ChaseFace2: im coming
(13:19 / Allies) ReignIForever: they are creeping
(13:30 / Allies) ReignIForever: teal going bear
(13:38 / Allies) PSYCHO-4: i can handle him
(14:30 / Allies) ReignIForever: teal is walking
(14:55 / Allies) PSYCHO-4: out
(14:55 / Allies) PSYCHO-4: out
(15:15 / Allies) Guderian: fight
(15:20 / Allies) PSYCHO-4: red we need stuff from u bro
(15:26 / Allies) ReignIForever: I'm making shit now
(15:29 / Allies) PSYCHO-4: k
(15:43 / Allies) PSYCHO-4: comin purple
(15:44 / Allies) PSYCHO-4: b
(15:49 / Allies) ReignIForever: I need wood
(15:55 / Allies) ReignIForever: ty
(15:56 / Allies) Guderian: fight
(16:29 / All) WEFOUNDLOVE: teal so bad
(16:35 / All) PSYCHO-4: yep
(16:39 / All) WhyYouNoLuvMe: lol really stop crying man
(16:44 / All) ReignIForever: your whole team is lol
(16:47 / All) WEFOUNDLOVE: i no
(16:50 / All) ReignIForever: esp because you didn't warn for our early hitting
(16:56 / All) WEFOUNDLOVE: but im random i dont rly care
(17:10 / All) WhyYouNoLuvMe: sorry pink I'm not good at warcraft :(
(17:14 / All) PSYCHO-4: lol
(17:17 / All) WEFOUNDLOVE: im 35-1 with night elf
(17:27 / All) WhyYouNoLuvMe: wow, u must be popular and cool in life :D
(17:32 / All) PSYCHO-4: i bet u get so much pussy
(17:38 / All) WEFOUNDLOVE: true
(17:52 / All) PSYCHO-4: prolly helps that u cheat too
(17:52 / All) PSYCHO-4: lol
(17:58 / All) WEFOUNDLOVE: nop
(18:08 / All) PSYCHO-4: o no?
(18:13 / All) WEFOUNDLOVE: nop
(18:16 / All) ReignIForever: I like how no one complains about a mher on your team
(18:19 / All) ReignIForever: Only on the enemy team
(18:28 / All) PSYCHO-4: lol its unfair to them too dude
(19:44 / Allies) ReignIForever: He got some towers and chims and shit
(19:47 / Allies) ReignIForever: go for blue instead imo
(19:54 / Allies) ReignIForever: less defense
(19:56 / Allies) PSYCHO-4: k
(21:14 / All) WEFOUNDLOVE: go teal
(21:15 / All) WEFOUNDLOVE: !
(21:17 / All) WhyYouNoLuvMe: LD
(21:19 / All) WhyYouNoLuvMe: :D
(21:36 / All) ReignIForever: I was alt tabbed are we still winning?
(21:42 / Allies) PSYCHO-4: yup
(21:44 / All) WEFOUNDLOVE: same lol
(21:44 / All) WhyYouNoLuvMe: haha, I had fun.
(21:45 / All) WEFOUNDLOVE: i guess
(21:49 / All) ReignIForever: It was a funny game
(21:50 / All) WhyYouNoLuvMe: to bad my teammates are sore losers :P
(21:52 / All) ReignIForever: i was ordering my team around with mh
(21:53 / All) PSYCHO-4: lol
(21:54 / All) WhyYouNoLuvMe: gg peace
(21:55 / All) ReignIForever: gg
(21:59 / All) WEFOUNDLOVE: lol
(22:07 / All) WEFOUNDLOVE: gg